 Dungeon Crawl Stone Soup version 0.22.0-5-gf09313c8f9 (webtiles) character file.

765 Peloso the Shield-Bearer (level 7, -1/61 HPs)
             Began as a Minotaur Fighter on Aug 14, 2018.
             Was an Initiate of Okawaru.
             Shot with an arrow by a centaur (13 damage)
             ... on level 5 of the Dungeon.
             The game lasted 00:06:51 (3579 turns).

Peloso the Shield-Bearer (Minotaur Fighter)         Turns: 3579, Time: 00:06:51

Health: -1/61      AC:  7    Str: 21    XL:     7   Next: 51%
Magic:  6/6        EV:  9    Int:  5    God:    Okawaru [......]
Gold:   236        SH: 10    Dex: 11    Spells: 6/6 levels left

rFire    . . .     SeeInvis .   a - +0 long sword
rCold    . . .     Gourm    .   c - +0 shield
rNeg     + . .     Faith    .   b - +0 scale mail
rPois    .         Spirit   .   (helmet restricted)
rElec    .         Reflect  .   (no cloak)
rCorr    .         Harm     .   (no gloves)
MR       .....                  (no boots)
Stlth    ..........             (no amulet)
HPRegen  0.20/turn              u - ring of positive energy
MPRegen  0.10/turn              (no ring)

@: no status effects
A: retaliatory headbutt, horns 2
a: Renounce Religion


You were on level 5 of the Dungeon.
You worshipped Okawaru.
Okawaru was noncommittal.
You were not hungry.

You visited 2 branches of the dungeon, and saw 6 of its levels.

You collected 236 gold pieces.

Inventory:

Hand Weapons
 a - a +0 long sword (weapon)
Armour
 b - a +0 scale mail (worn)
 c - a +0 shield (worn)
Jewellery
 e - an uncursed ring of wizardry
 u - a ring of positive energy (left hand)
Wands
 v - a wand of polymorph (13)
Scrolls
 g - 3 scrolls of remove curse
 h - a scroll of fear {unknown}
 j - a scroll of enchant weapon {unknown}
 k - 3 scrolls of teleportation {unknown}
 o - 2 scrolls of magic mapping {unknown}
 t - a scroll of amnesia {unknown}
 w - a scroll of enchant armour {unknown}
 x - 2 scrolls of immolation {unknown}
Potions
 d - 3 potions of might
 i - 2 potions of brilliance
 l - a potion of magic
 m - a potion of haste {unknown}
 n - a potion of mutation
 p - a potion of flight {unknown}
 q - a potion of cancellation {unknown}
 r - 3 potions of curing {unknown}
 s - a potion of lignification {unknown}
Comestibles
 f - 11 rations


   Skills:
 + Level 5.1 Fighting
 + Level 5.4 Long Blades
 + Level 6.1 Armour
 + Level 2.3 Dodging
 + Level 0.5 Stealth
 + Level 6.3 Shields


You had 6 spell levels left.
You didn't know any spells.
Your spell library was empty.

Dungeon Overview and Level Annotations

Branches:
Dungeon (5/15)             Temple (1/1) D:4

Altars:
Dithmenos
Makhleb
Nemelex Xobeh
Okawaru
Ru
Sif Muna
Yredelemnul

Shops:
D:4 [

Annotations:
D:2 2 transporters


Innate Abilities, Weirdness & Mutations

You reflexively headbutt those who attack you in melee.
You have a pair of horns on your head.


Message History

v - a wand of polymorph (13)
You feel sick.
You feel sick.
x - 2 scrolls labeled SIJURPH NIYGAGA You feel sick.
You feel sick.
A centaur comes into view.
You feel sick.
You are no longer poisoned.
Found 24 sling bullets.
A centaur is nearby!
The centaur wields a shortbow.
The centaur shoots an arrow.
The arrow closely misses you.
The centaur shoots an arrow.
The arrow hits you!
* * * LOW HITPOINT WARNING * * *
You hear a shout!
The centaur shoots an arrow.
The arrow hits you.
* * * LOW HITPOINT WARNING * * *
You see here an arrow.
The centaur shoots an arrow.
The arrow hits you!
You die...

######### ###
#...##..#########...
#...................
#....†..............
#...<†..........(...
#...................
#...........)..c....
#..........(@.......
#.......(...........
##########.....##...
#.....# . .......#
......?.# .........#
..........# ......#


You could see a centaur.

Vanquished Creatures
  Pikel (D:4)
  A quasit (D:3)
  A centaur zombie (D:5)
  2 worker ants (D:5)
  Natasha (thrice) (D:3)
  3 adders
  2 oozes
  An adder skeleton (D:4)
  2 worms
  2 dart slugs
  2 leopard geckos
  A ball python (D:1)
  5 giant cockroaches
  9 goblins
  6 hobgoblins
  3 jackals
  11 kobolds
  3 quokkas
  7 bats
  2 frilled lizards
  A leopard gecko zombie (D:5)
  A quokka skeleton (D:4)
  8 rats
77 creatures vanquished.

Vanquished Creatures (others)
  A howler monkey (D:4)
  A worker ant (D:4)
  An adder (D:4)
  A worm (D:4)
  3 jackals (D:4)
  A quokka (D:4)
8 creatures vanquished.

Grand Total: 85 creatures vanquished

Notes
Turn   | Place    | Note
-------+----------+-------------------------------------------
     0 | D:1      | Peloso the Minotaur Fighter began the quest for the Orb.
     0 | D:1      | Reached XP level 1. HP: 19/19 MP: 0/0
    80 | D:1      | Reached XP level 2. HP: 16/27 MP: 1/1
   264 | D:1      | Reached XP level 3. HP: 28/33 MP: 2/2
   761 | D:2      | Found a transporter.
   766 | D:2      | Noticed a big kobold
   767 | D:2      | Found a transporter.
   774 | D:2      | Found a shadowy altar of Dithmenos.
  1177 | D:2      | Reached XP level 4. HP: 34/40 MP: 3/3
  1610 | D:3      | Noticed Natasha
  1611 | D:3      | Killed Natasha
  1719 | D:3      | Noticed Natasha
  1720 | D:3      | Reached XP level 5. HP: 47/47 MP: 4/4
  1739 | D:3      | Killed Natasha
  2130 | D:3      | Noticed Natasha
  2142 | D:3      | Killed Natasha
  2142 | D:3      | Reached skill level 1 in Dodging
  2142 | D:3      | Reached skill level 5 in Shields
  2515 | D:4      | Noticed Pikel
  2515 | D:4      | Noticed a slave
  2516 | D:4      | Noticed a slave
  2516 | D:4      | Noticed a slave
  2517 | D:4      | Noticed a slave
  2538 | D:4      | Killed Pikel
  2538 | D:4      | Reached skill level 5 in Fighting
  2538 | D:4      | Reached skill level 5 in Long Blades
  2538 | D:4      | Reached skill level 5 in Armour
  2538 | D:4      | Reached XP level 6. HP: 15/56 MP: 5/5
  2538 | D:4      | Reached XP level 7. HP: 17/61 MP: 6/6
  3010 | D:4      | Found Booruuqi's Armour Shoppe.
  3042 | D:4      | Found a basalt altar of Yredelemnul.
  3153 | D:4      | Found a staircase to the Ecumenical Temple.
  3184 | Temple   | Entered the Ecumenical Temple
  3193 | Temple   | Became a worshipper of Warmaster Okawaru
  3291 | D:4      | Found a sacrificial altar of Ru.
  3531 | D:5      | Entered Level 5 of the Dungeon
  3579 | D:5      | Shot with an arrow by a centaur

Skill      XL: |  1  2  3  4  5  6  7 |
---------------+----------------------+-----
Shields        | 4 6 |  6.3
Long Blades    | 3 5 |  5.4
Armour         | 4 5 6 |  6.1
Fighting       | 4 5 |  5.1
Dodging        | 2 |  2.3
Stealth        | |  0.5

Action                   |  1- 3 |  4- 6 |  7- 9 || total
-------------------------+-------+-------+-------++-------
Melee: Long sword        |   104 |    78 |    31 ||   213
       Headbutt          |    13 |    19 |     7 ||    39
  Use: Scroll            |       |     4 |       ||     4
  Eat: Chunk             |     1 |     4 |     4 ||     9
Armor: Scale mail        |    65 |    33 |    15 ||   113
Dodge: Dodged            |    41 |    30 |    23 ||    94
Block: Shield            |    77 |    50 |    20 ||   147
       Rpst.: Long sword |     7 |     8 |     7 ||    22
